 Dungeon Crawl Stone Soup version 0.29-a0-359-g541a27f54d (webtiles) character file.

Game seed: 2388705360936095490

123 avis the Insei (level 5, -1/36 HPs)
             Began as an Octopode Transmuter on Apr 27, 2022.
             Killed by divine providence
             ... invoked by an orc priest
              (10 damage)
             ... on level 3 of the Dungeon.
             The game lasted 00:12:59 (3707 turns).

avis the Insei (Octopode Transmuter)                Turns: 3707, Time: 00:12:59

Health: -1/36      AC:  2    Str: 15    XL:     5   Next: 7%
Magic:  4/8        EV: 19    Int: 15    God:
Gold:   107        SH:  0    Dex: 17    Spells: 4/8 levels left

rFire   x . .      SeeInvis .     - Unarmed
rCold   + . .      Faith    .   (shield currently unavailable)
rNeg    . . .      Spirit   .   (helmet currently unavailable)
rPois   .          Reflect  .   l - amulet "Keklih" {rPois Regen+ Str+3}
rElec   .          Harm     .   g - ring of ice
rCorr   .          Rampage  .   (no ring)
Will    .....                   (no ring)
Stlth   ++........              (no ring)
HPRegen 0.92/turn               (no ring)
MPRegen 0.11/turn               (no ring)
                                (no ring)
                                (no ring)

@: spider-form (expiring)
A: venomous fangs, almost no armour, (amphibious), 8 rings, tiny, (camouflage
1), (gelatinous body 1), (nimble swimmer 1), (tentacles)
a: End Transformation


You were on level 3 of the Dungeon.
You were a venomous arachnid creature.
You visited 1 branch of the dungeon, and saw 3 of its levels.

You collected 107 gold pieces.

Inventory:

Hand Weapons
 r - a +0 hunting sling
Missiles
 k - 96 stones
 n - 2 silver javelins
 u - 6 poisoned darts
Armour
 s - a +0 tower shield
Jewellery
 g - a ring of ice (left front leg)
 l - the amulet "Keklih" (around neck) {rPois Regen+ Str+3}
   (You found it on level 2 of the Dungeon)

   [amulet of regeneration]

   Str:       It affects your strength (+3).
   rPois:     It protects you from poison.
   Regen:     It increases your rate of health regeneration.
Wands
 q - a wand of mindburst (11)
Scrolls
 b - 3 scrolls of teleportation {unknown}
 d - 2 scrolls of magic mapping {unknown}
 e - 2 scrolls of fear {unknown}
 h - a scroll of blinking {unknown}
 i - 6 scrolls of identify {unknown}
 m - 2 scrolls of enchant weapon {unknown}
 p - a scroll of immolation {unknown}
 v - a scroll of enchant armour {unknown}
 x - a scroll of amnesia {unknown}
Potions
 a - a potion of lignification
 c - a potion of flight {unknown}
 f - 2 potions of curing {unknown}
 j - a potion of ambrosia {unknown}
 o - a potion of mutation {unknown}
 t - a potion of attraction {unknown}
 w - a potion of brilliance {unknown}


   Skills:
 - Level 3.0 Fighting
 - Level 2.0 Dodging
 - Level 2.0 Stealth
 * Level 4.4 Unarmed Combat
 - Level 2.0 Spellcasting
 - Level 2.0 Transmutations


You had 4 spell levels left.
You knew the following spells:

 Your Spells              Type           Power      Damage    Failure   Level
a - Beastly Appendage     Tmut           14%        N/A       24%         1
p - Spider Form           Tmut/Pois      4%         N/A       63%         3

Your spell library contained the following spells:

 Spells                   Type           Power      Damage    Failure   Level
 Wereblood                Tmut           7%         N/A       32%         2
 Gell's Gravitas          Tloc           1%         N/A       75%         3
 Teleport Other           Tloc           1%         N/A       75%         3
 Ice Form                 Ice/Tmut       6%         N/A       93%         4
 Dispersal                Tloc           0%         N/A       100%        6


Dungeon Overview and Level Annotations

Branches:
Dungeon (3/15)

Altars:
Ru


Innate Abilities, Weirdness & Mutations

You are a venomous arachnid creature.
You have poisonous fangs.
You are tiny and dextrous.
Your spellcasting is less reliable in this form.
Your armour is entirely melded.
You are incapable of wielding weapons or throwing items.
You cannot wear most types of armour.
((You are amphibious.))
You can wear up to eight rings at the same time.
((Your skin changes colour to match your surroundings (Stealth+).))
((Your rubbery body absorbs attacks. (AC +1, EV +1)))
((You are camouflaged when in or above water. (Stealth+)))
((You have tentacles for arms and can constrict up to eight enemies at once.))


Message History

You have reached level 5!
You feel stronger.
You hit the orc.
The orc is poisoned.
The orc is heavily wounded.
You feel sick.
You are no longer poisoned.
The orc barely misses you. The orc attacks as you move away!
The orc completely misses you.
Your transformation has ended.
An orc priest comes into view. It is wielding a +0 trident.
Casting: Spider Form (quite dangerous; 41% risk of failure)
Confirm with . or Enter, or press ? or * to list all spells.
One of your tentacles grows a vicious spike.
You kill the orc!
The orc priest begins to cast a cantrip, but forgets the words!
The orc misses you.
You tentacle-slap the orc. You grab the orc. You squeeze the orc.
You kill the orc!
Things that are here:
a +0 hand axe; an orc corpse The orc priest hits you from afar with a +0 trident.
The orc priest hits you with a +0 trident!
The orc priest casts a cantrip, but nothing happens.
Your transformation is almost over.
The orc priest calls down the wrath of Beogh upon you.
Beogh smites you!
* * * LOW HITPOINT WARNING * * *
Your tentacle spike disappears.
Casting: Beastly Appendage (safe; 10% risk of failure)
Confirm with . or Enter, or press ? or * to list all spells.
The spell is quite dangerous to miscast (41% risk of failure)!
Continue anyway?
You turn into a venomous arachnid creature.
Your transformation is almost over.
The orc priest hits you from afar with a +0 trident.
* * * LOW HITPOINT WARNING * * *
You hit the orc priest.
The orc priest is moderately wounded.
The orc priest invokes the aid of Beogh against you.
Beogh smites you!
You die...

#................#
#.##...#.##.######
### #..###o.........
..# #.#.#.##.#######
#.# #.##.###.## #.# #
#..##...# #.#
#.###...########.##
#.#o#........).......
#.oos........##.##.##
###..........##.##.##
##.##...#..>.......
.........##.##.##.##
###.#######.##.##.##
#.# #.......## #.#
####.##.## #.# ....##
#...)..


You could see 2 orc priests and an orc.

Vanquished Creatures
  3 gnolls (D:2)
  2 adders
  4 worms (D:3)
  2 dart slugs (D:1)
  4 orcs (D:3)
  6 ball pythons
  4 endoplasms
  3 giant cockroaches (D:1)
  4 goblins
  3 hobgoblins
  2 jackals (D:1)
  4 quokkas
  4 bats
  2 frilled lizards (D:1)
  5 kobolds
  8 rats
60 creatures vanquished.

Notes
Turn   | Place    | Note
-------+----------+-------------------------------------------
     0 | D:1      | avis the Octopode Transmuter began the quest for the Orb.
     0 | D:1      | Reached XP level 1. HP: 13/13 MP: 3/3
   550 | D:1      | Reached XP level 2. HP: 18/19 MP: 3/5
   583 | D:1      | Found a faded altar of an unknown god.
   689 | D:1      | Reached skill level 1 in Stealth
   911 | D:1      | Reached XP level 3. HP: 25/25 MP: 4/6
  1367 | D:2      | Learned a level 3 spell: Spider Form
  2084 | D:2      | Identified the amulet "Keklih" {rPois Regen+ Str+3}
  2108 | D:2      | Reached XP level 4. HP: 31/31 MP: 5/7
  2150 | D:2      | Found a sacrificial altar of Ru.
  3133 | D:3      | Reached skill level 4 in Unarmed Combat
  3682 | D:3      | Reached XP level 5. HP: 18/36 MP: 5/8
  3707 | D:3      | Killed from afar by an orc priest

Illustrated notes

Levels and vault maps discovered:
D:1:      lightli_arrival_maybe_door_vault, layout_loops_ring,
          shapermc_ecumenical_altar_notcrosses
D:2:      layout_loops_corners, basic_altar
D:3:      layout_loops_ring

Skill      XL: |  1  2  3  4 |
---------------+-------------+-----
Fighting       | 2 3 |  3.0
Stealth        | 1 2 |  2.0
Unarmed Combat | 4 |  4.4
Dodging        | |  2.0
Spellcasting   | |  2.0
Transmutations | |  2.0

Action                   |  1- 3 |  4- 6 || total
-------------------------+-------+-------++-------
Melee: Unarmed           |    62 |    53 ||   115
       Kick              |    16 |    11 ||    27
       Constrict         |    17 |     7 ||    24
       Tentacles         |    11 |     6 ||    17
       Punch             |     1 |     1 ||     2
 Cast: Beastly Appendage |    23 |    10 ||    33
       Spider Form       |     3 |     9 ||    12
 Stab: Sleeping          |     8 |     7 ||    15
Armor: Skin              |     3 |       ||     3
Dodge: Dodged            |    27 |    40 ||    67

Table legend: (Time is in decaauts)
 A = Elapsed time spent in this place.
 B = Non-inter-level travel time spent in this place.
 C = Inter-level travel time spent in this place.
 D = Time resting spent in this place.
 E = Time spent auto-exploring this place.
 F = Levels seen in this place.
 G = Mean time per level.
                   A        B        C        D        E       F      G
               +--------+--------+--------+--------+--------+-----+--------+
         Total |   3705 |   3351 |    354 |   1278 |   1236 |   3 | 1235.0 |
       Dungeon |   3705 |   3351 |    354 |   1278 |   1236 |   3 | 1235.0 |
               +--------+--------+--------+--------+--------+-----+--------+

Top non-repeatable levels by time:
     D:1: 1615 daAuts
     D:2: 1422 daAuts
     D:3: 667 daAuts
